 Dungeon Crawl Stone Soup version 0.30-a0-778-g2ef04afb54 (webtiles) character file.

Game seed: 368445738327903923

37 Leeroy the Slasher (level 3, -1/18 HPs)
             Began as a Vine Stalker Warper on Feb 16, 2023.
             Slain by Natasha (4 damage)
             ... on level 2 of the Dungeon.
             The game lasted 00:01:03 (741 turns).

Leeroy the Slasher (Vine Stalker Warper)             Turns: 741, Time: 00:01:04

Health: -1/18      AC:  3    Str: 13    XL:     3   Next: 41%
Magic:  0/7        EV: 11    Int: 13    God:
Gold:   21         SH:  0    Dex: 15    Spells: 6/6 levels left

rFire   . . .      SeeInvis .    a - +0 falchion
rCold   . . .      Faith    .    (no shield)
rNeg    . . .      Spirit   +    b - +0 leather armour
rPois   .          Reflect  .    (no helmet)
rElec   .          Harm     .    (no cloak)
rCorr   .          Rampage  .    (no gloves)
Will    .....                    (no boots)
Stlth   +                        f - amulet of the acrobat
HPRegen 0.23/turn                (no ring)
MPRegen 0.10/turn                (no ring)

@: no status effects
A: fangs 2, magic shield, antimagic bite, no potion heal 2
a: no special abilities


You were on level 2 of the Dungeon.
You visited 1 branch of the dungeon, and saw 2 of its levels.

You collected 21 gold pieces.

Inventory:

Hand Weapons
 a - a +0 falchion (weapon)
Missiles
 d - 7 boomerangs of dispersal (quivered)
 k - 4 atropa-tipped darts
Armour
 b - a +0 leather armour (worn)
Jewellery
 f - an amulet of the acrobat (around neck)
Scrolls
 c - a scroll of blinking
 e - 3 scrolls of identify {unknown}
 h - a scroll of enchant armour {unknown}
 m - a scroll of poison {unknown}
 o - a scroll of noise {unknown}
Potions
 g - a potion of mutation {unknown}
 i - a potion of ambrosia {unknown}
 j - a potion of invisibility {unknown}
 l - a potion of heal wounds {unknown}
 n - a potion of flight {unknown}


   Skills:
 - Level 1.7 Fighting
 + Level 3.4 Long Blades
 - Level 0.8 Throwing
 - Level 0.7 Armour
 - Level 1.5 Dodging
 - Level 2.1 Spellcasting
 - Level 3.0 Translocations


You had 6 spell levels left.
You didn't know any spells.
Your spell library contained the following spells:

 Spells                   Type           Power      Damage    Failure   Level
 Blink                    Tloc           18%        N/A       14%         2
 Lesser Beckoning         Tloc           18%        N/A       14%         2
 Teleport Other           Tloc           9%         N/A       28%         3
 Sting                    Tmut/Pois      4%         1d3       32%         1
 Poisonous Vapours        Pois/Air       2%         N/A       43%         2
 Vhi's Electric Charge    Tloc/Air       10%        N/A       45%         3
 Manifold Assault         Tloc           9%         N/A       67%         4
 Anguish                  Hex/Necr       0%         N/A       97%         4
 Olgreb's Toxic Radiance  Pois           1%         N/A       97%         4
 Enfeeble                 Hex            0%         N/A       100%        7


Dungeon Overview and Level Annotations

Branches:
Dungeon (2/15)

Altars:

Shops:
D:1 ?

Annotations:
D:2 Natasha


Innate Abilities, Weirdness & Mutations

You have extremely sharp teeth.
When hurt, damage is shared between your health and your magic reserves.
Your bite disrupts and absorbs the magic of your enemies.
Potions cannot restore your health.


Message History

There is a stone staircase leading up here.
o - a scroll labelled BOM QYNU OFEWETT You pick up a book of Maledictions and begin reading...
You add the spells Anguish and Enfeeble to your library.
You open the door.
There is an open door here.
You now have 21 gold pieces (gained 15).
Natasha, Servant of Life and Death comes into view.
Found 5 stones.
Natasha mumbles some strange words.
You hit Natasha.
Natasha is moderately wounded.
Natasha closely misses you. Natasha claws you.
You hit Natasha. Your bite misses Natasha.
Natasha is heavily wounded.
The shadow imp hits you.
Natasha mumbles some strange words.
Natasha shimmers violently.
Natasha claws you but does no damage.
You barely miss Natasha. Your bite misses Natasha.
Natasha is heavily wounded.
The shadow imp laughs crazily.
The shadow imp hits you. Natasha closely misses you.
You hit Natasha. Your bite misses Natasha.
Natasha is severely wounded.
The shadow imp misses you. Natasha claws you!
You are too injured to fight recklessly!
You are too injured to fight recklessly!
You are too injured to fight recklessly!
You are too injured to fight recklessly!
You are too injured to fight recklessly!
You closely miss Natasha. Your bite misses Natasha.
Natasha is severely wounded.
The shadow imp hits you. Natasha closely misses you.
You closely miss Natasha.
Natasha is severely wounded.
The shadow imp hits you.
* * * LOW HITPOINT WARNING * * *
Natasha claws you.
You die...

....###... ..........
... (. ##.###### ... .
#†# #####+#.# .# ##.#
........##.### <..#
#............
..................#.#
#########......5h...###.
#####+##.#..@.......
#........#.#..#.....
#........#.#........
#........#.#..####..
#...................
#####........#.#..####..
...##........#.#:.#
...##........#.#..#
#..##........#.#..#


You could see Natasha and a shadow imp (summoned).

Vanquished Creatures
  3 worms
  A dart slug (D:1)
  An endoplasm (D:2)
  A giant cockroach (D:1)
  3 goblins (D:1)
  3 hobgoblins (D:1)
  4 ball pythons (D:1)
  7 bats (D:1)
  A frilled lizard (D:1)
  A kobold (D:2)
  3 rats
28 creatures vanquished.

Notes
Turn   | Place    | Note
-------+----------+-------------------------------------------
     0 | D:1      | Leeroy the Vine Stalker Warper began the quest for the Orb.
     0 | D:1      | Reached XP level 1. HP: 11/11 MP: 4/4
    76 | D:1      | Reached XP level 2. HP: 15/15 MP: 6/6
   160 | D:1      | Found Maudut Jisi's Magic Scroll Emporium.
   367 | D:1      | Found a faded altar of an unknown god.
   438 | D:1      | Reached XP level 3. HP: 18/18 MP: 7/7
   732 | D:2      | Noticed Natasha
   741 | D:2      | Slain by Natasha

Illustrated notes

Levels and vault maps discovered:
D:1:      scummos_arrival_checkerplants, layout_rooms,
          nicolae_ecumenical_snake_handling, serial_shops,
          nicolae_shop_temple_entry_statues_fountains
D:2:      layout_basic, uniq_natasha

Skill      XL: |  1  2 |
---------------+-------+-----
Long Blades    | 2 3 |  3.4
Fighting       | |  1.7
Throwing       | |  0.8
Armour         | |  0.7
Dodging        | |  1.5
Spellcasting   | |  2.1
Translocations | |  3.0

Action                     || total
---------------------------++-------
  Melee: Falchion          ||    76
         Bite              ||    15
 Armour: Leather armour    ||    22
  Dodge: Dodged            ||    56

Table legend: (Time is in decaauts)
 A = Elapsed time spent in this place.
 B = Non-inter-level travel time spent in this place.
 C = Inter-level travel time spent in this place.
 D = Time resting spent in this place.
 E = Time spent auto-exploring this place.
 F = Levels seen in this place.
 G = Mean time per level.
                   A        B        C        D        E       F      G
               +--------+--------+--------+--------+--------+-----+--------+
         Total |    755 |    735 |     20 |     43 |    450 |   2 |  377.5 |
       Dungeon |    755 |    735 |     20 |     43 |    450 |   2 |  377.5 |
               +--------+--------+--------+--------+--------+-----+--------+

Top non-repeatable levels by time:
     D:1: 614 daAuts
     D:2: 140 daAuts
